Cogmind - Beta 16 @@@ ROGUE MODE // 2025.10.24 @ 21:17:38 Player: sentrybuster Result: Destroyed by Shrapnel Trap Performance ------------- Evolutions (0) 0 Regions Visited (3) 600 Robots Destroyed (30) 150 Value Destroyed (673) 673 Prototype IDs (0) 0 Alien Tech Used (0) 0 Bonus (0) 0 TOTAL SCORE: 1423 Bonus ------- None Cogmind --------- Core Integrity 0/250 Matter 269/300 Energy 263/265 System Corruption 0% Temperature Cool (0) Movement Rolling (110) Location -10/Subcaves Parts ------- > --- POWER (1) -------- Improved Ion Engine > --- PROPULSION (2) --- Subdweller Monowheel Subdweller Monowheel > --- UTILITY (2) ------ Scrap Shield > --- WEAPON (2) ------- Subdweller Machine Gun Subdweller Machine Gun > --- INVENTORY (5) ---- Subdweller Power Source High-capacity Matter Pod (200) High-capacity Matter Pod (200) Light Assault Rifle Scrap Shield Fragment (48) Peak State ------------ > --- POWER ------------ Improved Ion Engine > --- PROPULSION ------- Subdweller Monowheel Subdweller Monowheel > --- UTILITY ---------- Scrap Shield > --- WEAPON ----------- Subdweller Machine Gun Subdweller Machine Gun > --- INVENTORY -------- Subdweller Power Source High-capacity Matter Pod High-capacity Matter Pod Light Assault Rifle Scrap Shield Fragment [Rating: 14] Favorites ----------- Power Ion Engine Engine Ion Engine Propulsion Aluminum Leg Leg Aluminum Leg Wheel Subdweller Monowheel Utility Medium Storage Unit Device Improved Terrain Scanner Storage Medium Storage Unit Protection Scrap Shield Weapon Assault Rifle Energy Gun Subdweller Laser Ballistic Gun Assault Rifle Ballistic Cannon Battle Cannon Build | -11 -10 -10 -10 ------- Run | Yrd Mat Min Sub Slots Evolved . | . . . . Power . | . . . . Propulsion . | . . . . Utility . | . . . . Weapon . | . . . . Parts Attached 25 | 7 3 5 10 Power 3 | 1 . 1 1 Engine 3 | 1 . 1 1 Core . | . . . . Reactor . | . . . . Propulsion 6 | 2 1 1 2 Treads . | . . . . Leg 4 | 2 1 1 . Wheel 2 | . . . 2 Hover . | . . . . Flight . | . . . . Utility 7 | 2 2 1 2 Device 2 | 1 1 . . Storage 3 | 1 1 1 . Processor . | . . . . Hackware . | . . . . Protection 2 | . . . 2 Artifact . | . . . . Weapon 9 | 2 . 2 5 Energy Gun 1 | . . . 1 Energy Cannon . | . . . . Ballistic Gun 7 | 2 . 2 3 Ballistic Cannon 1 | . . . 1 Launcher . | . . . . Special Weapon . | . . . . Impact Weapon . | . . . . Slashing Weapon . | . . . . Piercing Weapon . | . . . . Special Melee Weapon . | . . . . Unidentified Prototypes . | . . . . Parts Lost 3 | . . . 3 Power 1 | . . . 1 Propulsion 1 | . . . 1 Utility . | . . . . Weapon 1 | . . . 1 Highest Loss Streak 3 | . . . 3 To Critical Strikes . | . . . . Average Backups 8 | 2 8 9 5 Power 1 | . 1 1 . Propulsion 2 | 2 3 3 . Utility 3 | . 2 4 3 Weapon . | . . . . Tool/Special . | . . . . Unused Backups 12 | . 3 3 6 Power 2 | . . 1 1 Propulsion 5 | . 2 1 2 Utility 4 | . . 1 3 Weapon 1 | . 1 . . Tool/Special . | . . . . Average Slot Usage (%) 95 | . 100 97 87 Engine 13 | . 14 13 12 Leg 25 | . 28 27 19 Wheel 2 | . . . 7 Device 10 | . 14 13 3 Storage 11 | . 14 14 5 Protection 2 | . . . 10 Ballistic Gun 26 | . 28 27 24 Ballistic Cannon 1 | . . . 3 Peak Build Rating 14 | 9 10 11 14 Average Rating 9 | 4 8 9 11 On Entrance 6 | . 9 8 9 Avg Prop Armor Cover (%) 3 | . . . 3 Naked Turns . | . . . . Heaviest Build 33 | 15 20 21 33 Greatest Support 40 | 20 20 20 40 Greatest Overweight (x) 2 | 2 . 1 2 Average Overweight (x) . | . . . . Largest Inventory Capacity 20 | 8 10 20 10 Average Capacity 9 | 6 9 9 6 Most Carried 10 | 7 10 10 10 Average Carried 8 | 3 9 9 6 Final Capacity 10 | 8 10 10 5 Final Carried 10 | 6 10 10 5 Class Distribution -------------------- 84% | Mutant 15% | Subdweller-Mutant Dominant Class ---------------- Mutant | -10/Materials Mutant | -10/Mines Subdweller-Mutant | -10/Subcaves Resources | -11 -10 -10 -10 ----------- Run | Yrd Mat Min Sub Matter Collected 1226 | 306 187 416 317 Remotely . | . . . . Salvage Created 907 | 137 262 255 253 Parts 62 | 4 24 21 13 Haulers Intercepted 1 | . 1 . . Recyclers Shooed . | . . . . Parts Field Recycled . | . . . . Retrieved Matter . | . . . . Parts Self-Destructed 6 | . . . 6 Prevented . | . . . . Parts Restored . | . . . . Kills | -11 -10 -10 -10 ------- Run | Yrd Mat Min Sub Combat Hostiles Destroyed 22 | . 7 7 8 Guns 21 | . 7 7 7 Cannons 1 | . . . 1 Classes Destroyed 8 | 2 4 1 1 Worker 2 | . 2 . . Tunneler 4 | 2 2 . . Hauler 1 | . 1 . . Recycler 1 | 1 . . . Swarmer 9 | . 6 3 . Grunt 3 | . 1 2 . Sentry 2 | . . 2 . Subdweller 8 | . . . 8 Best Kill Streak 4 | 2 4 3 4 Combat Bots Only 4 | . 3 3 4 Max Kills in Single Turn 2 | 2 2 1 1 Gunslinging 1 | . 1 . . Exploded . | . . . . Melee . | . . . . Uniques/NPCs Destroyed . | . . . . Combat | -11 -10 -10 -10 -------- Run | Yrd Mat Min Sub Hostile Shots Fired 123 | . 25 36 62 Missed 34 | . 5 11 18 Hits 89 | . 20 25 44 Projectile 89 | . 20 25 44 Critical Strikes 4 | . . 2 2 Damage Taken 1473 | . 161 309 1003 Core 268 | . 34 33 201 Absorbed by Shields . | . . . . Core Remaining (%) 100 | 100 . . . Volleys Fired 86 | 6 30 18 32 Largest 2 | 2 2 2 2 Hottest 56 | 40 40 43 56 Shots Fired 170 | 12 60 36 62 Gun 150 | 12 60 36 42 Cannon 20 | . . . 20 Launcher . | . . . . Special . | . . . . Kinetic 170 | 12 60 36 62 Thermal . | . . . . Explosive . | . . . . Electromagnetic . | . . . . Robot Hit Streak 12 | 4 7 10 12 Robot Miss Streak 8 | 1 8 2 2 Penetration Max . | . . . . Secondary Targets 4 | . 2 1 1 Max Gunslinging Chain 1 | . 1 1 1 Shots Hit Robots 112 | 8 25 27 52 Core Hits 48 | 4 14 12 18 Critical Kills . | . . . . Critical Parts Destroyed 1 | . 1 . . Critical Strikes 1 | . 1 . . Destroy 1 | . 1 . . Melee Attacks . | . . . . Impact . | . . . . Slashing . | . . . . Piercing . | . . . . Sneak Attacks . | . . . . Combat Hostiles . | . . . . Follow-up Attacks . | . . . . Damage Inflicted 1654 | 110 371 353 820 Guns 1334 | 110 367 353 504 Cannons 316 | . . . 316 Explosions . | . . . . Melee . | . . . . Ramming 4 | . 4 . . Kinetic 1650 | 110 367 353 820 Thermal . | . . . . Explosive . | . . . . Electromagnetic . | . . . . Impact . | . . . . Slashing . | . . . . Piercing . | . . . . Highest Corruption . | . . . . Average Corruption . | . . . . Corruption Purged . | . . . . Corruption Blocked . | . . . . Overload Shots . | . . . . Overflow Damage . | . . . . Projectiles . | . . . . Explosions . | . . . . Melee . | . . . . Knockbacks 7 | . . . 7 Impact . | . . . . Kinetic 6 | . . . 6 Secondary 1 | . . . 1 Self-Inflicted Damage . | . . . . Shots . | . . . . Rammed . | . . . . Targets Rammed 1 | . 1 . . Kicked 1 | . 1 . . Crushed . | . . . . Highest Temperature 10 | . . 10 4 Average Temperature 4 | . . 4 4 Received Heat Transfer 342 | . 6 144 192 Siege Activations . | . . . . Martial Activations . | . . . . Shielding Activations . | . . . . Robots Disrupted . | . . . . Combat Hostiles . | . . . . Robots Corrupted . | . . . . Combat Hostiles . | . . . . Parts Fried . | . . . . Impact Corruptions . | . . . . Robots Melted . | . . . . Combat Hostiles . | . . . . Parts Melted . | . . . . Heat Transferred . | . . . . Parts Sabotaged . | . . . . Parts Stolen . | . . . . Parts Stripped . | . . . . Power Chain Reactions . | . . . . Alert | -11 -10 -10 -10 ------- Run | Yrd Mat Min Sub Maximum Alert Level . | . . . . Low Security (%) 100 | 100 100 100 . Level 1 . | . . . . Level 2 . | . . . . Level 3 . | . . . . Level 4 . | . . . . Level 5 . | . . . . High Security . | . . . . Max Security . | . . . . Peak Influence 163 | 10 163 70 . Initial 23 | . 3 23 . Average 46 | 2 83 20 . Influence Increases 445 | 15 269 161 . Destroy 0b10 Robot/C 280 | . 140 140 . Destroy 0b10 Robot/NC 40 | 15 25 . . Destroy Leader 42 | . 22 20 . Successful Hack 50 | . 50 . . Disable Machine 30 | . 30 . . Destroy Structure 3 | . 2 1 . Influence Decreases 445 | 10 213 184 38 Entered New Map 61 | . 2 38 21 Time Decay 384 | 10 211 146 17 Squads Dispatched . | . . . . Investigation . | . . . . Extermination . | . . . . Reinforcement . | . . . . Assault . | . . . . Garrison . | . . . . Intercept . | . . . . Searches Triggered . | . . . . Construction Impeded . | . . . . Haulers Reinforced . | . . . . Active Scanning Responses . | . . . . Cargo Convoy Interrupts . | . . . . Stealth | -11 -10 -10 -10 --------- Run | Yrd Mat Min Sub Distress Signals 1 | . 1 . . Communications Jammed . | . . . . Distress Signals . | . . . . Times Spotted 37 | . 15 7 15 Peak Tracking Total 7 | . 6 3 7 Tactical Retreats 2 | . . . 2 Traps | -11 -10 -10 -10 ------- Run | Yrd Mat Min Sub Traps Triggered 1 | . . . 1 Indirectly . | . . . . Trap Hack Attempts . | . . . . Triggered . | . . . . Disarmed . | . . . . Reprogrammed . | . . . . Reused . | . . . . Traps Extracted . | . . . . Installed . | . . . . Triggered . | . . . . Machines | -11 -10 -10 -10 ---------- Run | Yrd Mat Min Sub Machines Disabled 2 | . 2 . . Max in Single Turn 1 | . 1 . . Machines Repaired . | . . . . Machines Dismantled . | . . . . Machines Sabotaged . | . . . . Overloaded Fab Kills . | . . . . Hacking | -11 -10 -10 -10 --------- Run | Yrd Mat Min Sub Machines Accessed 4 | . 4 . . Terminals 3 | . 3 . . Fabricators . | . . . . Repair Stations . | . . . . Recycling Units 1 | . 1 . . Scanalyzers . | . . . . Garrison Access . | . . . . Total Hacks 12 | . 12 . . Successful 10 | . 10 . . Failed 2 | . 2 . . Catastrophic . | . . . . Database Lockouts . | . . . . Manual 8 | . 8 . . Terminals 10 | . 10 . . Fabricators . | . . . . Repair Stations . | . . . . Recycling Units 2 | . 2 . . Scanalyzers . | . . . . Garrison Access . | . . . . Terminal Hacks 6 | . 6 . . Robot Analysis 2 | . 2 . . Terminal Index 1 | . 1 . . Hauler Manifests 1 | . 1 . . Registered Components 1 | . 1 . . Zone Layout 1 | . 1 . . Fabricator Hacks . | . . . . Repair Station Hacks . | . . . . Recycling Unit Hacks 1 | . 1 . . Retrieve Components 1 | . 1 . . Scanalyzer . | . . . . Garrison Access Hacks . | . . . . Unauthorized Hacks 3 | . 3 . . Terminals 2 | . 2 . . Track 1 | . 1 . . Operators 1 | . 1 . . Fabricators . | . . . . Repair Stations . | . . . . Recycling Units 1 | . 1 . . Recyclers 1 | . 1 . . Scanalyzers . | . . . . Garrison Access . | . . . . Data Cores Recovered . | . . . . Used . | . . . . Hacking Detections 2 | . 2 . . Full Trace Events . | . . . . Feedback Events . | . . . . Feedback Blocked . | . . . . Robot Schematics Acquired . | . . . . Robots Built . | . . . . Authchips . | . . . . Time . | . . . . Total Robot Build Rating . | . . . . Part Schematics Acquired . | . . . . Parts Built . | . . . . Authchips . | . . . . Time . | . . . . Total Part Build Rating . | . . . . Part Studies Acquired . | . . . . Parts Repaired . | . . . . Time . | . . . . Parts Recycled . | . . . . Recycled Matter . | . . . . Retrieved Matter . | . . . . Retrieved Components 3 | . 3 . . Parts Scanalyzed . | . . . . Part Schematics Acquired . | . . . . Parts Damaged . | . . . . Bothacking | -11 -10 -10 -10 ------------ Run | Yrd Mat Min Sub Used RIF Installer . | . . . . Robots Hacked . | . . . . Non-combat . | . . . . Combat . | . . . . Robot Hacks Applied . | . . . . Relay Couplers Released . | . . . . Fabnet Peak Effective % . | . . . . Robots Rewired . | . . . . Allies Hacked . | . . . . Hacks Repelled . | . . . . Allies | -11 -10 -10 -10 -------- Run | Yrd Mat Min Sub Total Allies . | . . . . Largest Group . | . . . . Highest-Rated Group . | . . . . Highest-Rated Ally . | . . . . Total Orders . | . . . . Ally Attacks . | . . . . Total Damage . | . . . . Kills . | . . . . Allies Corrupted . | . . . . Allies Melted . | . . . . Intel | -11 -10 -10 -10 ------- Run | Yrd Mat Min Sub Active Infowar (turns) 1140 | 3 500 550 87 Terrain 589 | 3 234 352 . Structural 551 | . 266 198 87 Robot Analysis Total 2 | . 2 . . Derelict Logs Recovered 2 | . . 1 1 Drone Launches . | . . . . Drone Recoveries . | . . . . Exploration | -11 -10 -10 -10 ------------- Run | Yrd Mat Min Sub Turns Passed 1551 | 76 500 574 401 Spaces Moved 966 | 34 310 403 219 Core 9 | 8 . 1 . Treads . | . . . . Legs 828 | 26 310 402 90 Wheels 129 | . . . 129 Hover . | . . . . Flight . | . . . . Fastest Speed 50 | 50 120 50 110 Average Speed 121 | 122 120 120 125 Slowest Speed 260 | 190 120 190 260 Overloaded Moves . | . . . . Propulsion Burnouts . | . . . . Robots Hopped . | . . . . Potential Cave-ins . | . . . . Cave-ins Triggered . | . . . . Exploration Rate (%) 42 | 3 64 85 16 Regions Visited 3 Branch Regions 2 Pre-discovered Areas . | . . . . Known Exits Taken . | . . . . Unknown Exits Taken 3 | 1 1 1 . Scrap Searched 2 | . . 1 1 Spaces Dug . | . . . . Terrain Destroyed 3 | . . . 3 Melee . | . . . . Projectile 3 | . . . 3 AOE . | . . . . Terrain Rammed . | . . . . Walls Destroyed . | . . . . Machines Disabled . | . . . . Actions | -11 -10 -10 -10 --------- Run | Yrd Mat Min Sub Total 1177 | 53 378 456 290 Wait 31 | . 21 4 6 Move 963 | 33 309 402 219 Hop . | . . . . Pick Up 30 | 7 7 10 6 Fast Attach 21 | 6 . 9 6 Attach 5 | 1 . . 4 Detach 2 | . . 1 1 Swap 11 | . 5 4 2 Drop 25 | . 5 8 12 Fire 86 | 6 30 18 32 Melee . | . . . . Ram . | . . . . Kick 1 | . 1 . . Crush . | . . . . Escape Stasis . | . . . . Rewire . | . . . . Trap . | . . . . Miscellaneous 2 | . . . 2 Route ------- -11/Scrapyard -10/Materials (discovered 4 exits: [*Mat x2] / [*Min x2]) -10/Mines (discovered 3 exits: [*Mat x2] / [*Sub]) -10/Subcaves (discovered 1 exit: [*Mat]) History --------- Turn | Location | Event 11 | -11/Scrapyard | Discovered new exit (range 15) 77 | -11/Scrapyard | Entered Materials 181 | -10/Materials | Discovered new exit (range 16) 311 | -10/Materials | Build established: Mutant 318 | -10/Materials | Discovered new exit (range 18) 318 | -10/Materials | Discovered new exit (range 17) 526 | -10/Materials | Discovered new exit (range 5) 577 | -10/Materials | Entered Mines 632 | -10/Mines | Learned Materials emergency access door positions 934 | -10/Mines | Discovered new exit (range 15) 997 | -10/Mines | Released all parts (7) 1097 | -10/Mines | Discovered new exit (range 6) 1117 | -10/Mines | Discovered new exit (range 11) 1151 | -10/Mines | Entered Subcaves 1152 | -10/Subcaves | Approached by a straggling Scientist 1238 | -10/Subcaves | Ambushed by swarm of Subdwellers 1238 | -10/Subcaves | Ambushed by Subdwellers from Twisted Machinery 1239 | -10/Subcaves | Ambushed by Subdwellers from Twisted Machinery 1243 | -10/Subcaves | Ambushed by Subdwellers from Twisted Machinery 1255 | -10/Subcaves | Core integrity fell below 50% 1303 | -10/Subcaves | Lost 3 parts (1p1n1w) 1361 | -10/Subcaves | A swath of the cavern ceiling suddenly collapsed 1491 | -10/Subcaves | Core integrity fell below 20% 1547 | -10/Subcaves | Learned Materials emergency access door positions 1552 | -10/Subcaves | Discovered new exit (range 15) 1552 | -10/Subcaves | Destroyed by Shrapnel Trap Last Messages --------------- 01505_ RK-URS(R) destroyed. 01510_ Scrap Shield Fragment affixed to Scrap Shield (+49). [Achievement: Survival Of The Most Covered] 01511_ Acquired 20 matter. 01514_ Dropped Lgt. Assault Rifle. 01514_ Acquired Sub. Laser. 01516_ Dropped Sub. Laser. 01517_ Acquired Lgt. Assault Rifle. 01520_ Dropped Aluminum Leg. 01523_ Acquired Sub. Monowheel. 01528_ Scrap Shield Fragment affixed to Scrap Shield (+49). 01539_ Acquired 22 matter. 01547_ Acquired derelict log, extracted data. Data stored: Materials emergency access points. 01552_ EXIT=FOUND 01552_ Triggered Shrapnel Trap. 01552_ An expanding cloud of shrapnel blasts out in all directions. Map ----- +----------------------------------------------------+ | ?????????????????????????????### ##??#% ??? | | ???????????????????????????????## ## # #?? | | ????????????????????????????????# #??? | | ???????????????????????????????## ## ### #??? | | ???????????????????????????????# ## ##????##??? | | ???????????????????????????????##### #?????????? | | ?????????????????????????????###??## ## ##?????? | | ????????????????????????????## #### ##????? | | ???????????????????????????## ## #????? | | ???????????????????????????# ?? | | ???????????????????????????# # ###? | | ???????????????????????????## #????? | | ??????????????????< ????????## ##### ##????? | | ????????????????? ???????## [ #### ###?????? | | ????????????????? ???????# = #?? ##???????? | | ?????????????????? ??????#### #??# ##????? ??? | | ??????????????????? ?????????## #???##???? #??? | | ??????????????#?#?## ????????## ####??#? #??? | | ?????????????? # # ????????# # ## # #??? | | ??????????????? ##??????# #??? | | ????????????????? ##????## #????? | | ??????????????????? ##????# # #????? | | ????????????????????# #????## ###? #???? | | ?????????????????????# #????# & #??? ?? | | ??????????????????????# #????# #????## ??? | | ???????????????????????# @ ####### #??????? ??? | | ???????????????????????## #????????????? | | ????????????????????????## ## ####????????????? | | ?????????????????????????# ######???????????????? | | ?????????????????????????## ????????????????????? | | ??????????????????????????# #???????????????????? | | ?????????????????????????? ## ???????????????????? | | ?????????????????????????? ?? ??????????????????? | | ?????????????????????????? ?? ?????????????????? | | ?????????????????????????? ??? ?????????????????? | | ?????????????????????????? ??? ????????????????? | | ?????????????????????????? ????## ???????????????? | | ????????????????????????????????? ???????????????? | | ?????????????????????????????????????????????????? | | ?????????????????????????????????????????????????? | | ?????????????????????????????????????????????????? | | ?????????????????????????????????????????????????? | | ?????????????????????????????????????????????????? | | ?????????????????????????????????????????????????? | | ?????????????????????????????????????????????????? | | ?????????????????????????????????????????????????? | | ?????????????????????????????????????????????????? | | ?????????????????????????????????????????????????? | | ?????????????????????????????????????????????????? | | ?????????????????????????????????????????????????? | +----------------------------------------------------+ Best States ------------- Heat Dissipation 25 Energy Generation 12 Energy Capacity 265 Matter Stores 300 Matter Capacity 300 Sight Range 16 Terrain Scan Range 16 Terrain Scan Density 10 Armor Coverage 800 Evasion (%) 55 Item Schematics ----------------- None Robot Schematics ------------------ None Fabricated ------------ Nothing Repaired ---------- Nothing Studied --------- None Alien Tech Used ----------------- None Achievements -------------- Bumper Bots DATA ERROR: Steam Global Achievement% For Emergencies Only I Have A Map? Live, Flee, And Rebuild Organ Harvest Survival Of The Most Covered There's More Where That Came From Challenges ------------ None Game ------ Seed BlanketTeslaDrive Manual? 0 Play Time 00:28:07 Cumulative 336.5 hours Start 2025.10.24 @ 20:46:48 End 2025.10.24 @ 21:17:38 Sessions 1 Manual Loads 0 Difficulty Rogue Special Mode None Game No. 432 Rogue 428 Adventurer 0 Explorer 4 Win Type - Total 5 Types 4/0/0/1/0/0/0/0/0/0 Lore% 44 Gallery% 69 Achievement% 35 Wizard Run 0 Options --------- Layout 1 ASCII 1 Keyboard 1 Movement Numpad Keybinds 0 Fullscreen 1 Font 24/Smallcaps Map View 50x35 Zoom Use 0% Tactical HUD 1 Map Filters NONE Filters NONE Steam 1 RUN: 4b6c628d-89e4-4df0-9639-9a184eb01884